 Dungeon Crawl Stone Soup version 0.29-a0-1016-g236c7fd91e (webtiles) character file.

Game seed: 8270851389617139108

49 siradein the Trooper (level 3, -4/33 HPs)
             Began as a Hill Orc Fighter on Aug 9, 2022.
             Slain by a black bear (6 damage)
             ... on level 2 of the Dungeon.
             The game lasted 00:02:47 (1743 turns).

siradein the Trooper (Hill Orc Fighter)             Turns: 1743, Time: 00:02:48

Health: -4/33      AC:  9    Str: 20    XL:     3   Next: 75%
Magic:  3/3        EV:  7    Int:  8    God:
Gold:   40         SH:  4    Dex: 10    Spells: 2/2 levels left

rFire   . . .      SeeInvis .   a - +0 war axe
rCold   . . .      Faith    .   c - +0 buckler
rNeg    . . .      Spirit   .   k - +0 chain mail
rPois   .          Reflect  .   (no helmet)
rElec   .          Harm     .   (no cloak)
rCorr   .          Rampage  .   (no gloves)
Will    .....                   (no boots)
Stlth   ..........              (no amulet)
HPRegen 0.11/turn               (no ring)
MPRegen 0.08/turn               (no ring)

@: no status effects
A: no striking features
a: no special abilities


You were on level 2 of the Dungeon.
You visited 1 branch of the dungeon, and saw 2 of its levels.

You collected 40 gold pieces.

Inventory:

Hand Weapons
 a - a +0 war axe (weapon)
Missiles
 g - 35 stones (quivered)
Armour
 c - a +0 buckler (worn)
 k - a +0 chain mail (worn)
Scrolls
 h - a scroll of vulnerability {unknown}
 i - a scroll of blinking {unknown}
 j - a scroll of poison {unknown}
Potions
 b - a potion of heal wounds {unknown}
 d - 2 potions of might
 e - a potion of curing {unknown}
 f - a potion of cancellation {unknown}
 l - a potion of ambrosia {unknown}
 m - a potion of brilliance {unknown}


   Skills:
 + Level 4.1 Fighting
 + Level 3.4 Axes
 + Level 0.7 Throwing
 + Level 3.7 Armour
 + Level 3.7 Shields


You had 2 spell levels left.
You didn't know any spells.
Your spell library contained the following spells:

 Spells                   Type           Power      Damage    Failure   Level
 Sandblast                Erth           0%         2d4       99%         1
 Passwall                 Tmut/Erth      0%         N/A       100%        2
 Stone Arrow              Conj/Erth      0%         3d7       100%        3


Dungeon Overview and Level Annotations

Branches:
Dungeon (2/15)

Altars:


Message History

The black bear is severely wounded.
The black bear bites you but does no damage.
The black bear closely misses you. The black bear barely misses you.
You closely miss the black bear.
The black bear is severely wounded.
The black bear goes berserk!
You closely miss the black bear.
The black bear is severely wounded.
You block the black bear's attack. The black bear barely misses you.
The black bear claws you. The black bear barely misses you.
The black bear claws you.
* * * LOW HITPOINT WARNING * * *
The black bear claws you but does no damage.
You barely miss the black bear.
The black bear is severely wounded.
The black bear bites you but does no damage.
The black bear claws you but does no damage. x2
The black bear barely misses you. You block the black bear's attack.
The black bear claws you.
* * * LOW HITPOINT WARNING * * *
You hit the black bear but do no damage.
The black bear is severely wounded.
The black bear bites you but does no damage.
The black bear claws you but does no damage. x2
You block the black bear's attack.
The black bear claws you but does no damage.
The black bear barely misses you. The black bear bites you.
* * * LOW HITPOINT WARNING * * *
The black bear closely misses you. The black bear claws you.
* * * LOW HITPOINT WARNING * * *
Unknown command.
You hit the black bear.
The black bear is almost dead.
The black bear bites you but does no damage.
The black bear barely misses you.
The black bear claws you but does no damage.
The black bear closely misses you. The black bear claws you.
* * * LOW HITPOINT WARNING * * *
The black bear claws you.
You die...

. ... ##### #####..#
...# ###@hg...#
#.####.###.#.#......#
#. #.....†.....#..#.#
##.##.#.###.#.###
.... #.......# ###.#
#.# #.#.....# #.. .
#.#.#.#.# ####
#.#.#.#.#
####.#...#.#


You could see a black bear (berserk) and a hobgoblin.

Vanquished Creatures
  An adder (D:2)
  2 dart slugs (D:2)
  A bat (D:1)
  5 endoplasms
  3 giant cockroaches
  2 hobgoblins (D:1)
  2 kobolds (D:1)
  A quokka (D:1)
  3 ball pythons (D:1)
  3 frilled lizards
  5 goblins
  7 rats
35 creatures vanquished.

Notes
Turn   | Place    | Note
-------+----------+-------------------------------------------
     0 | D:1      | siradein the Hill Orc Fighter began the quest for the Orb.
     0 | D:1      | Reached XP level 1. HP: 19/19 MP: 1/1
   387 | D:1      | Reached XP level 2. HP: 16/27 MP: 2/2
   952 | D:1      | Reached XP level 3. HP: 33/33 MP: 3/3
   974 | D:1      | Reached skill level 4 in Fighting
  1731 | D:2      | Noticed a black bear
  1743 | D:2      | Slain by a black bear

Illustrated notes

Levels and vault maps discovered:
D:1:      dpeg_arrival_more_subterranean_lakeside_camping, layout_basic
D:2:      layout_loops_cross, basic_altar, nicolae_eternal_life,
          minmay_tromino_i4

Skill      XL: |  1  2  3 |
---------------+----------+-----
Axes           | 3 |  3.4
Fighting       | 4 |  4.1
Throwing       | |  0.7
Armour         | |  3.7
Shields        | |  3.7

Action                   || total
-------------------------++-------
Melee: War axe           ||    90
Armor: Scale mail        ||    17
       Chain mail        ||    47
Dodge: Dodged            ||    35
Block: Buckler           ||    17

Table legend: (Time is in decaauts)
 A = Elapsed time spent in this place.
 B = Non-inter-level travel time spent in this place.
 C = Inter-level travel time spent in this place.
 D = Time resting spent in this place.
 E = Time spent auto-exploring this place.
 F = Levels seen in this place.
 G = Mean time per level.
                   A        B        C        D        E       F      G
               +--------+--------+--------+--------+--------+-----+--------+
         Total |   1776 |   1700 |     76 |      0 |   1458 |   2 |  888.0 |
       Dungeon |   1776 |   1700 |     76 |      0 |   1458 |   2 |  888.0 |
               +--------+--------+--------+--------+--------+-----+--------+

Top non-repeatable levels by time:
     D:1: 1248 daAuts
     D:2: 527 daAuts
